 Dungeon Crawl Stone Soup version 0.30-a0-778-g2ef04afb54 (webtiles) character file.

Game seed: 10293495364140604472

38474 Dittersdorf the Fighter (level 14, -5/96 HPs)
             Began as a Gargoyle Fighter on Feb 16, 2023.
             Was a High Priest of Okawaru.
             Slain by a catoblepas (14 damage)
             ... on level 1 of the Lair of Beasts.
             The game lasted 00:23:39 (14388 turns).

Dittersdorf the Fighter (Gargoyle Fighter)         Turns: 14388, Time: 00:23:40

Health: -5/96      AC: 32    Str: 24    XL:     14   Next: 2%
Magic:  14/14      EV: 17    Int: 10    God:    Okawaru [*****.]
Gold:   2039       SH:  6    Dex:  9    Spells: 13/13 levels left

rFire   . . .      SeeInvis .    o - +1 eveningstar (holy)
rCold   . . .      Faith    +    c - +0 buckler
rNeg    + . .      Spirit   .    x - +0 plate armour
rPois   ∞          Reflect  .    i - +1 helmet
rElec   +          Harm     .    (no cloak)
rCorr   .          Rampage  .    C - +1 pair of gloves of the Devouring Gods {rPois}
Will    +....                    p - +0 pair of boots Stlth
                                 k - amulet of faith
HPRegen 0.36/turn                u - +5 ring of evasion
MPRegen 0.14/turn                f - +5 ring of evasion

@: flying
A: sickness immunity, AC +10, big wings, negative energy resistance 1,
electricity resistance, torment resistance 1, petrification resistance
a: Renounce Religion, Heroism, Finesse, Duel


You were on level 1 of the Lair of Beasts.
You worshipped Okawaru.
Okawaru was extremely pleased with you.
You visited 3 branches of the dungeon, and saw 14 of its levels.
You also visited: Bailey.

You collected 2855 gold pieces.
You spent 816 gold pieces at shops.

Inventory:

Hand Weapons
 o - a +1 eveningstar of holy wrath (weapon)
Missiles
 b - 4 curare-tipped darts (quivered)
Armour
 c - a +0 buckler (worn)
 i - a +1 helmet (worn)
 p - a +0 pair of boots (worn)
 x - a +0 plate armour (worn)
 z - +0 fire dragon scales
 C - the +1 pair of gloves of the Devouring Gods (worn) {rPois}
   (You found it on level 7 of the Dungeon)

   rPois:     It protects you from poison.
Jewellery
 f - a +5 ring of evasion (right hand)
 k - an amulet of faith (around neck)
 q - a +4 ring of slaying
 u - a +5 ring of evasion (left hand)
 A - a ring of willpower
Wands
 v - a wand of flame (53)
 E - a wand of iceblast (6)
 F - a wand of acid (2)
Scrolls
 a - a scroll of magic mapping
 g - 2 scrolls of fear
 m - 2 scrolls of blinking
 n - 2 scrolls of enchant armour
 r - 2 scrolls of identify
 y - 4 scrolls of teleportation
Potions
 d - 3 potions of might
 e - a potion of resistance {unknown}
 h - 3 potions of curing
 j - a potion of magic
 l - 5 potions of mutation
 t - 2 potions of haste
 w - 3 potions of heal wounds
 D - a potion of berserk rage


   Skills:
 + Level 14.6 Fighting
 + Level 11.0 Maces & Flails
 + Level 12.3 Armour
 + Level 12.2 Shields


You had 13 spell levels left.
You didn't know any spells.
Your spell library contained the following spells:

 Spells                   Type           Power      Damage    Failure   Level
 Magic Dart               Conj           0%         1d3       99%         1
 Searing Ray              Conj           0%         2d4       100%        2
 Static Discharge         Conj/Air       0%         2-2/arc   100%        2
 Mephitic Cloud           Conj/Pois/Air  0%         N/A       100%        3
 Vhi's Electric Charge    Tloc/Air       0%         N/A       100%        3
 Dispel Undead            Necr           0%         3d6       100%        4
 Fulminant Prism          Conj/Hex       0%         3d5       100%        4
 Sticky Flame             Conj/Fire      0%         2d3       100%        4
 Arcjolt                  Conj/Air       0%         1d10      100%        5
 Lightning Bolt           Conj/Air       0%         1d11      100%        5
 Simulacrum               Ice/Necr       Unusable   N/A       N/A         6

Dungeon Overview and Level Annotations

Branches:
Dungeon (11/15)            Temple (1/1) D:6            Lair (2/5) D:11
    Orc (0/2) D:11         Bailey (visited)
  Swamp: Lair:2-3    Shoals: Lair:2-3     Snake: Lair:2-3    Spider: Lair:2-3

Altars:
Ashenzari
Cheibriados
Dithmenos
Elyvilon
Fedhas
Gozag
Hepliaklqana
Kikubaaqudgha
Makhleb
Nemelex Xobeh
Okawaru
Qazlal
Ru
Sif Muna
Trog
Uskayaw
Vehumet
Wu Jian
Xom
Yredelemnul
Zin
The Shining One

Shops:
D:2 *   D:4 (


Innate Abilities, Weirdness & Mutations

You are immune to sickness and miasma.
Your stone body is resilient. (AC +10)
You are immune to poison.
Your large and strong wings let you fly.
You resist negative energy. (rN+)
You are resistant to electric shocks. (rElec)
You are resistant to unholy torment.
You are immune to petrification.


Message History

* * * LOW HITPOINT WARNING * * *
The helpless death yak fails to defend itself.
You sock the death yak!
The death yak is severely wounded.
The catoblepas breathes a plume of calcifying dust at you.
The blast of calcifying dust hits you but does no damage.
The helpless death yak fails to defend itself.
You bludgeon the death yak!!
The death yak is almost dead.
The catoblepas gores you but does no damage.
The death yak is no longer petrified.
The catoblepas breathes a plume of calcifying dust at you.
The blast of calcifying dust hits the death yak but does no damage.
The blast of calcifying dust hits you!
* * * LOW HITPOINT WARNING * * *
The death yak is engulfed in calcifying dust.
The death yak is moving more slowly.
The death yak gores you but does no damage.
You catch the helpless death yak completely off-guard!
You hit the death yak.
The death yak is almost dead.
The catoblepas breathes a plume of calcifying dust at you.
The blast of calcifying dust hits the death yak but does no damage.
The blast of calcifying dust hits you.
* * * LOW HITPOINT WARNING * * *
The death yak is engulfed in calcifying dust.
The death yak stops moving altogether!
The helpless death yak fails to defend itself.
You impale the death yak!!
You kill the death yak!
Okawaru is honoured by your kill.
The catoblepas breathes a plume of calcifying dust at you.
The blast of calcifying dust hits you but does no damage.
You have reached level 14!
Your wings grow larger and stronger.
The catoblepas gores you but does no damage.
You sock the catoblepas!
The catoblepas is almost dead.
The catoblepas gores you!
You die...

........##.....#...........##.###
........##..#.##............P.##.
........##..#.##..............##.
#.............##........)...#.##.
##.................>.......##....
###.......................###....
####..##)##...##P........P####.##
.# #..#._.#.......###.....#.##...
.###..##.##.§§..@Y##.......#.....
.......###........#........#.....
.................................
####....=........................
# #...#.........................
## #...#.........................
P###..............#..............
###....#..............#####......
# ##...#...........#.## ###....


You could see a catoblepas.

Vanquished Creatures
  A catoblepas (Lair:1)
  The ghost of Dodorex895 the Summoner, a journeyman TeSu of Nemelex Xobeh (Lair:1)
  A boulder beetle (D:11)
  3 two-headed ogres
  A dancing weapon (Lair:1)
  A death yak (Lair:1)
  A deep elf zephyrmancer (D:8)
  3 cyclopes (D:11)
  A wolf spider (D:8)
  An orc sorcerer (D:8)
  A black mamba (Lair:1)
  A cane toad (Lair:2)
  Maggie (D:8)
  3 kobold demonologists
  A komodo dragon (Lair:1)
  A troll (D:11)
  A slime creature (D:8)
  Sigmund (D:6)
  A shadow (D:11)
  33 yaks
  A wyvern (D:6)
  A vampire (D:11)
  4 steam dragons
  5 vampire mosquitoes
  3 water moccasins
  An acid dragon (D:11)
  3 ice beasts
  A sky beast (D:8)
  22 orc warriors
  An ogre (D:5)
  10 centaurs
  8 bullfrogs
  5 gnoll sergeants (D:11)
  9 kobold brigands
  2 necrophages (D:3)
  2 scorpions (D:6)
  7 wights
  6 killer bees
  8 electric eels
  8 howler monkeys
  5 hounds
  A jelly (D:7)
  10 orc priests
  A gnoll bouda (D:6)
  21 orc wizards
  5 iguanas
  9 gnolls
  5 adders
  A shadow imp (D:5)
  A white imp (D:6)
  A worm (D:2)
  4 dart slugs
  60 orcs
  8 endoplasms
  5 giant cockroaches
  19 goblins
  11 hobgoblins
  4 quokkas
  12 ball pythons
  3 frilled lizards
  13 kobolds
  5 rats
369 creatures vanquished.

Vanquished Creatures (others)
  A shadow (D:11)
  2 fungi
  9 plants
12 creatures vanquished.

Grand Total: 381 creatures vanquished

Notes
Turn   | Place    | Note
-------+----------+-------------------------------------------
     0 | D:1      | Dittersdorf the Gargoyle Fighter began the quest for the
                  | Orb.
     0 | D:1      | Reached XP level 1. HP: 14/14 MP: 1/1
   111 | D:1      | Reached XP level 2. HP: 19/19 MP: 2/2
   193 | D:1      | Got the Omnibus of Damage
   392 | D:1      | Reached XP level 3. HP: 23/23 MP: 3/3
   872 | D:2      | Found Usiwoagh's General Store.
  1168 | D:2      | Found a faded altar of an unknown god.
  1294 | D:3      | Reached XP level 4. HP: 29/29 MP: 4/4
  1472 | D:3      | Noticed a necrophage
  1485 | D:3      | Killed a necrophage
  1486 | D:3      | Reached skill level 4 in Fighting
  1486 | D:3      | Reached XP level 5. HP: 18/33 MP: 5/5
  1606 | D:3      | Found a sacrificial altar of Ru.
  1679 | D:3      | Found a shadowy altar of Dithmenos.
  2062 | D:4      | Got the Commentary on Mortification
  2071 | D:4      | Found Pain's Antique Weapon Boutique.
  2248 | D:3      | Reached XP level 6. HP: 32/39 MP: 6/6
  2717 | D:4      | Reached skill level 5 in Armour
  2874 | D:4      | Reached skill level 5 in Fighting
  2874 | D:4      | Reached skill level 5 in Shields
  2874 | D:4      | Reached XP level 7. HP: 43/44 MP: 7/7
  3067 | D:5      | Entered Level 5 of the Dungeon
  3090 | D:5      | Found a broken altar of Ashenzari.
  3209 | D:5      | Found a radiant altar of Vehumet.
  3667 | D:6      | Reached XP level 8. HP: 47/51 MP: 8/8
  3739 | D:6      | Noticed a wyvern
  3756 | D:6      | Killed a wyvern
  3757 | D:6      | Reached skill level 6 in Fighting
  3757 | D:6      | Reached skill level 5 in Maces & Flails
  3910 | D:6      | Noticed Sigmund
  3923 | D:6      | Killed Sigmund
  4148 | D:6      | Found a staircase to the Ecumenical Temple.
  4157 | Temple   | Entered the Ecumenical Temple
  4633 | D:6      | Reached XP level 9. HP: 38/56 MP: 9/9
  4713 | D:7      | Noticed a two-headed ogre
  4730 | D:6      | Killed a two-headed ogre
  4731 | D:6      | Reached skill level 7 in Fighting
  5799 | D:7      | Reached skill level 8 in Fighting
  5807 | D:7      | Identified the +1 pair of gloves of the Devouring Gods
                  | {rPois}
  6030 | D:8      | Noticed Maggie
  6050 | D:8      | Killed Maggie
  6051 | D:8      | Reached XP level 10. HP: 64/64 MP: 10/10
  6603 | D:8      | Noticed a wolf spider
  6615 | D:8      | Killed a wolf spider
  6633 | D:8      | Reached skill level 9 in Fighting
  6863 | D:8      | Identified the +5 triple sword of Rubbish {spect, Contam
                  | rF+ rN+ Will+ rCorr}
  6871 | D:8      | Noticed an orc sorcerer
  6871 | D:8      | Noticed a kobold demonologist
  6881 | D:8      | Killed a kobold demonologist
  6890 | D:8      | Killed an orc sorcerer
  6984 | D:8      | Noticed a deep elf zephyrmancer
  7011 | D:8      | Killed a deep elf zephyrmancer
  7129 | D:8      | Reached XP level 11. HP: 71/71 MP: 11/11
  7969 | D:8      | Reached skill level 10 in Fighting
  7969 | D:8      | Reached skill level 10 in Armour
  8535 | D:9      | Noticed a two-headed ogre
  8548 | D:9      | Killed a two-headed ogre
  8549 | D:9      | Reached skill level 10 in Shields
  9285 | D:10     | Entered Level 10 of the Dungeon
  9474 | D:10     | Found a flagged portal.
  9486 | Bailey   | Entered a bailey
  9857 | Bailey   | Acquired 616 gold pieces
  9859 | Bailey   | Acquired a +0 eveningstar of holy wrath
 10112 | Bailey   | Found an iron altar of Okawaru.
 10224 | Bailey   | Became a worshipper of Warmaster Okawaru
 10543 | D:10     | Found an iron altar of Okawaru.
 10832 | D:10     | Reached * piety under Okawaru
 11128 | D:10     | Reached skill level 11 in Fighting
 11128 | D:10     | Reached XP level 12. HP: 73/80 MP: 12/12
 11201 | D:10     | Found a hazy altar of Hepliaklqana.
 11575 | D:11     | Reached skill level 10 in Maces & Flails
 11586 | D:11     | Reached ** piety under Okawaru
 11705 | D:11     | Noticed a boulder beetle
 11979 | D:11     | Noticed a two-headed ogre
 11993 | D:11     | Killed a two-headed ogre
 11993 | D:11     | Reached *** piety under Okawaru
 12240 | D:11     | Killed a boulder beetle
 12240 | D:11     | Received a gift from Okawaru
 12360 | D:11     | Found a staircase to the Lair.
 12564 | D:11     | Found a staircase to the Orcish Mines.
 12904 | Lair:1   | Entered Level 1 of the Lair of Beasts
 12917 | Lair:1   | Found a runed translucent door.
 12918 | Lair:1   | Found a shimmering altar of Xom.
 12918 | Lair:1   | Noticed Dodorex895's ghost (journeyman TeSu)
 12983 | Lair:1   | Reached **** piety under Okawaru
 13008 | Lair:1   | Noticed a catoblepas
 13037 | Lair:1   | Killed a catoblepas
 13038 | Lair:1   | Reached skill level 12 in Fighting
 13409 | D:2      | Bought a scroll of acquirement for 624 gold pieces
 13409 | D:2      | Bought a potion of mutation for 96 gold pieces
 13409 | D:2      | Bought a potion of mutation for 96 gold pieces
 13409 | D:2      | Acquired 737 gold pieces
 13411 | D:2      | Reached skill level 14 in Fighting
 13411 | D:2      | Reached XP level 13. HP: 91/91 MP: 13/13
 13872 | Lair:1   | Acquired 776 gold pieces
 14274 | Lair:1   | Killed Dodorex895's ghost
 14274 | Lair:1   | Reached ***** piety under Okawaru
 14387 | Lair:1   | Gained mutation: Your large and strong wings let you fly.
                  | [Gargoyle growth]
 14387 | Lair:1   | Reached XP level 14. HP: 8/96 MP: 14/14
 14388 | Lair:1   | Slain by a catoblepas

Illustrated notes

Levels and vault maps discovered:
D:1:      dpeg_arrival_short_road, layout_loops_ring
D:2:      layout_rooms, serial_shops, nicolae_shop_hallway_stairs,
          shapermc_ecumenical_altar_mp_highgroup
D:3:      layout_loops_cross, mainiacjoe_overflow_boulevard,
          nicolae_dithmenos_through_a_glass_darkly, fountainhead,
          chequers_serial_rivers_micro_c
D:4:      layout_rooms, serial_shops, nicolae_shop_statue_plus,
          nicolae_zen_rock_garden, st_stairs_11
D:5:      layout_rooms, vehumet_altar_wand_db, mainiacjoe_overflow_cross_hatched
D:6:      nicolae_cairo_tiling_large_dashed, layout_loops_ring,
          minmay_temple_entry_butterflies, uniq_sigmund
D:7:      layout_rooms, amcnicky_mini_pool_small
D:8:      layout_layer_cave, minmay_the_grid_2x2 [minmay_the_grid_outer_circle,
          minmay_the_grid_box_x, minmay_the_grid_tri_star,
          minmay_the_grid_prize_diamond_cup], uniq_maggie
D:9:      layout_cave_pools
D:10:     layout_cave_pods, marbit_many_paths, old_standard_altar,
          enter_bailey_3, kennysheep_donut
D:11:     layout_roguey, grunt_lair_entry_orc_guard_hut,
          kennysheep_orc_monster_closet_entryway, disabler_island
Temple:   nicolae_temple_x_marks_the_god
Lair:1:   layout_gridlike, ebering_ghost_xom
Lair:2:   layout_roguey, swamp_mist_pool

Skill      XL: |  1  2  3  4  5  6  7  8  9 10 11 12 13 |
---------------+----------------------------------------+-----
Fighting       | 4 5 6 8 9 11 14 | 14.6
Maces & Flails | 3 4 5 7 8 9 10 11 | 11.0
Armour         | 4 5 6 8 9 10 12 | 12.3
Shields        | 4 5 6 8 9 10 12 | 12.2

Action                     |  1- 3 |  4- 6 |  7- 9 | 10-12 | 13-15 || total
---------------------------+-------+-------+-------+-------+-------++-------
  Melee: Flail             |   144 |   195 |    96 |       |       ||   435
         Morningstar       |       |       |   345 |   542 |       ||   887
         Eveningstar       |       |       |       |   444 |    82 ||   526
  Throw: Dart              |       |       |     1 |     1 |       ||     2
    Use: Scroll            |       |       |     7 |    17 |     1 ||    25
         Potion            |       |       |       |     1 |       ||     1
   Stab: Distracted        |       |       |       |     1 |       ||     1
         Petrified         |       |       |       |     3 |     8 ||    11
         Petrifying        |       |       |       |       |     1 ||     1
 Armour: Scale mail        |    71 |   112 |    85 |       |       ||   268
         Plate armour      |       |       |   112 |   515 |    41 ||   668
  Dodge: Dodged            |    57 |   125 |   372 |   844 |    70 ||  1468
  Block: Buckler           |    19 |    47 |   142 |   331 |    21 ||   560

Table legend: (Time is in decaauts)
 A = Elapsed time spent in this place.
 B = Non-inter-level travel time spent in this place.
 C = Inter-level travel time spent in this place.
 D = Time resting spent in this place.
 E = Time spent auto-exploring this place.
 F = Levels seen in this place.
 G = Mean time per level.
                   A        B        C        D        E       F      G
               +--------+--------+--------+--------+--------+-----+--------+
         Total |  14726 |  13608 |   1118 |   3059 |   6851 |  15 |  981.7 |
       Dungeon |  12653 |  11602 |   1051 |   2744 |   5705 |  11 | 1150.3 |
        Temple |     61 |     59 |      2 |      0 |     46 |   1 |   61.0 |
          Lair |   1019 |    956 |     63 |     51 |    719 |   2 |  509.5 |
        Bailey |    991 |    991 |      0 |    264 |    380 |   1 |  991.0 |
               +--------+--------+--------+--------+--------+-----+--------+

Top non-repeatable levels by time:
     D:8: 2579 daAuts
     D:6: 1809 daAuts
    D:11: 1471 daAuts
     D:3: 1179 daAuts
    D:10: 1176 daAuts
     D:7: 1136 daAuts
  Lair:1: 997 daAuts
  Bailey: 991 daAuts
     D:4: 842 daAuts
     D:1: 746 daAuts
     D:5: 580 daAuts
     D:9: 567 daAuts
     D:2: 563 daAuts
  Temple: 61 daAuts
  Lair:2: 21 daAuts
